 Dungeon Sprint DCSS version 0.28-a0-1236-gb25a51b929 (webtiles) character file.

Game seed: 3820916231761911948

56438 rocky1 the Slayer (level 14, -2/155 HPs)
             Began as a Minotaur Gladiator on Dec 26, 2021.
             Was the Champion of Okawaru.
             Slain by a tentacled monstrosity (5 damage)
             ... in the Dungeon (Sprint VII: "The Pits").
             The game lasted 00:39:05 (9374 turns).

rocky1 the Slayer (Minotaur Gladiator)              Turns: 9374, Time: 00:39:06

Health: -2/155     AC: 33    Str: 25    XL:     14   Next: 42%
Magic:  20/20      EV: 18    Int:  5    God:    Okawaru [******]
Gold:   79         SH:  0    Dex: 14    Spells: 13/13 levels left

rFire   + . .      SeeInvis .   b - +0 glaive (venom)
rCold   + . .      Faith    .   (shield currently unavailable)
rNeg    . . .      Spirit   .   L - +2 gold dragon scales
rPois   +          Reflect  .   c - +0 hat
rElec   .          Harm     .   (no cloak)
rCorr   .          Rampage  .   o - +2 pair of gloves {Str+3}
Will    +....      NoTele   +   w - +1 pair of boots
Stlth   ..........              (no amulet)
HPRegen 0.35/turn               F - +4 ring of evasion
MPRegen 0.17/turn               n - +3 ring of evasion

@: constricted, studying Slings
A: horns 2, retaliatory headbutt
a: Renounce Religion, Heroism, Finesse


You were in the Dungeon.
You worshipped Okawaru.
Okawaru was exalted by your worship.
You visited 1 branch You collected 79 gold pieces.

Inventory:

Hand Weapons
 a - the +4 longbow of Tomorrow {venom, Int+2}
   (Okawaru gifted it to you in the Dungeon)

   Any ammunition fired from it poisons the flesh of those it strikes.
   Int:       It affects your intelligence (+2).
 b - a +0 glaive of venom (weapon)
 k - a +1 bardiche
 m - a +3 vorpal longbow
 t - a +3 whip of holy wrath
 v - the +7 great sword "Kelubroki" {venom, Dex+2}
   (You found it in the Dungeon)

   It poisons the flesh of those it strikes.
   Dex:       It affects your dexterity (+2).
 z - a +2 halberd of freezing
Missiles
 d - 3 throwing nets
 x - 6 silver javelins
 y - 6 javelins (quivered)
 M - 253 arrows
 N - 2 boomerangs
Armour
 c - a +0 hat (worn)
 o - a +2 pair of gloves of strength (worn)
 p - the +0 pair of boots of Resourcefulness {rPois rC+ Int-4 Dex+2 SInv}
   (Okawaru gifted it to you in the Dungeon)

   Int:       It affects your intelligence (-4).
   Dex:       It affects your dexterity (+2).
   rC:        It protects you from cold.
   rPois:     It protects you from poison.
   SInv:      It lets you see invisible.
 w - a +1 pair of boots (worn)
 L - +2 gold dragon scales (worn)
Jewellery
 n - a +3 ring of evasion (right hand)
 F - a +4 ring of evasion (left hand)
Wands
 G - a wand of paralysis (10)
Scrolls
 j - a scroll of blinking
 l - 5 scrolls of amnesia
 A - 2 scrolls of enchant weapon
 B - 4 scrolls of identify
 C - a scroll of fear
 D - 3 scrolls of enchant armour
 E - a scroll of fog
 I - a scroll of holy word
 K - a scroll of immolation
Potions
 e - 9 potions of curing
 f - 2 potions of heal wounds
 g - a potion of haste
 h - 4 potions of magic
 i - 5 potions of berserk rage
 q - a potion of resistance
 r - a potion of mutation
 s - 2 potions of might
Miscellaneous
 u - a tin of tremorstones (2/2)


   Skills:
 + Level 22.3 Fighting
 - Level 8.0 Maces & Flails
 - Level 20.1 Polearms
 + Level 14.7 Bows
 - Level 8.8 Throwing
 + Level 22.2 Armour
 + Level 20.8 Dodging
 - Level 9.9 Invocations


You had 13 spell levels left.
You didn't know any spells.
Your spell library contained the following spells:

 Spells                   Type           Power      Damage    Failure   Level
 Freezing Cloud           Conj/Ice/Air   0%         6-21      100%        5
 Polar Vortex             Ice            0%         N/A       100%        9
 Summon Ice Beast         Ice/Summ       Unusable   N/A       N/A         4
 Summon Mana Viper        Hex/Summ       Unusable   N/A       N/A         5
 Simulacrum               Ice/Necr       Unusable   N/A       N/A         6
 Monstrous Menagerie      Summ           Unusable   N/A       N/A         7

Dungeon Overview and Level Annotations

Branches:
Dungeon (1/1)

Altars:
Ashenzari
Cheibriados
Dithmenos
Elyvilon
Fedhas
Gozag
Hepliaklqana
Kikubaaqudgha
Makhleb
Nemelex Xobeh
Okawaru
Qazlal
Ru
Sif Muna
Trog
Uskayaw
Vehumet
Wu Jian
Xom
Yredelemnul
Zin
The Shining One
Beogh
Jiyva
Lugonu


Innate Abilities, Weirdness & Mutations

You have a pair of horns on your head.
You reflexively headbutt those who attack you in melee.


Message History

* * * LOW HITPOINT WARNING * * *
You hit the tentacled monstrosity but do no damage.
You headbutt the tentacled monstrosity!
The tentacled monstrosity is moderately wounded.
You are no longer corroded.
You slash the tentacled monstrosity! You headbutt the tentacled monstrosity!
The tentacled monstrosity is moderately wounded.
The tentacled monstrosity closely misses you.
The tentacled monstrosity completely misses you.
The tentacled monstrosity misses you.
The tentacled monstrosity constricts you!
* * * LOW HITPOINT WARNING * * *
You feel much better.
The tentacled monstrosity tentacle-slaps you but does no damage. x2
The tentacled monstrosity closely misses you.
The tentacled monstrosity constricts you.
Unknown command.
You slice the tentacled monstrosity!!
You headbutt the tentacled monstrosity, but do no damage.
The tentacled monstrosity is heavily wounded.
The tentacled monstrosity tentacle-slaps you but does no damage.
The tentacled monstrosity tentacle-slaps you.
* * * LOW HITPOINT WARNING * * *
The tentacled monstrosity barely misses you.
The tentacled monstrosity constricts you!
* * * LOW HITPOINT WARNING * * *
You hit the tentacled monstrosity.
The tentacled monstrosity is heavily wounded.
You slash the tentacled monstrosity!
The tentacled monstrosity is severely wounded.
The tentacled monstrosity tentacle-slaps you but does no damage.
The tentacled monstrosity completely misses you.
The tentacled monstrosity tentacle-slaps you.
* * * LOW HITPOINT WARNING * * *
The tentacled monstrosity constricts you.
* * * LOW HITPOINT WARNING * * *
You hit the tentacled monstrosity.
The tentacled monstrosity is severely wounded.
The tentacled monstrosity tentacle-slaps you.
You die...

###......##(.....#####..........#
'............†)..{D.''..#....#..#
'.†............)[.X.')..........#
######################.)........#
######################..#....#..#
.................X.)''..........#
............§[[..dD.''..........#
..###########e####..##..#....#..#
..##.#.#.#.#.#e#@#..##..........+
..#.#.#.#.#[#.#X##..##..........+
..##.#)#.#.#|#)#)#..####''####''#
..#.#.#.#.#.#.#.##..####''####''#
..##.#.#.#.#.#.#.#..##......##...
†.################..##.#'##.##...
....................##.#..'.##..#
....................##.'[|#[##..#
#########++###########.#[)+.##.)#


You could see a tentacled monstrosity.

Vanquished Creatures
  A bone dragon (D)
  2 sphinxes (D)
  A shadow dragon (D)
  2 orc warlords (D)
  A deep elf sorcerer (D)
  A ghost moth (D)
  An angel (D)
  A balrug (D)
  A spriggan defender (D)
  2 vampire knights (D)
  An apis (D)
  A red draconian (D)
  A mummy priest (D)
  An eidolon (D)
  A yaktaur captain (D)
  A vault guard (D)
  An ice dragon (D)
  3 hydras (D)
  4 naga warriors (D)
  A death knight (D)
  3 alligators (D)
  2 merfolk avatars (D)
  A merfolk aquamancer (D)
  A two-headed ogre (D)
  5 vampire magi (D)
  4 hell hogs (D)
  A sun demon (D)
  3 deep elf knights (D)
  An iron troll (D)
  A fire crab (D)
  2 shadow wraiths (D)
  2 sea snakes (D)
  A spriggan druid (D)
  A flayed ghost (D)
  2 lindwurms (D)
  A phantasmal warrior (D)
  9 orc knights (D)
  An ugly thing (D)
  3 black mambas (D)
  4 elephants (D)
  An orange demon (D)
  A cane toad (D)
  An unseen horror (D)
  2 hellwings (D)
  A rime drake (D)
  A komodo dragon (D)
  2 yaktaurs (D)
  A wandering mushroom (D)
  An ice devil (D)
  A troll (D)
  A demonic crawler (D)
  2 merfolk (D)
  A tyrant leech (D)
  A guardian mummy (D)
  A jumping spider (D)
  A hornet (D)
  A polar bear (D)
  A wind drake (D)
  A snapping turtle (D)
  4 dream sheep (D)
  3 redbacks (D)
  A wraith (D)
  2 spriggans (D)
  3 air elementals (D)
  6 yaks (D)
  A fire bat (D)
  2 tarantellas (D)
  3 vampires (D)
  A wyvern (D)
  3 water elementals (D)
  A ynoxinul (D)
  A chaos spawn (D)
  An acid dragon (D)
  2 orc warriors (D)
  A black bear (D)
  A sky beast (D)
  An ogre (shapeshifter) (D)
  A necrophage (D)
  An ogre (D)
  A centaur (D)
  A kobold brigand (D)
  An earth elemental (D)
  2 small abominations (D)
  A gnoll sergeant (D)
  4 wights (D)
  A crimson imp (D)
  A gnoll shaman (D)
  An iguana (D)
  An orc wizard (D)
  A hell rat (D)
  9 gnolls (D)
  3 river rats (D)
  An ufetubus (D)
  2 adder skeletons (D)
  An adder zombie (D)
  2 adder simulacra (D)
  7 orcs (D)
  A ball python (D)
  3 endoplasms (D)
  A goblin (D)
  A hobgoblin (D)
  2 jackals (D)
  A kobold (D)
  2 quokkas (D)
  A ball python skeleton (D)
  4 bats (D)
  A frilled lizard (D)
  A quokka skeleton (D)
  A rat (D)
196 creatures vanquished.

Vanquished Creatures (others)
  An endoplasm (D)
1 creature vanquished.

Grand Total: 197 creatures vanquished

Notes
Turn   | Place    | Note
-------+----------+-------------------------------------------
     0 | D        | rocky1 the Minotaur Gladiator began the quest for the Orb.
     0 | D        | Reached XP level 1. HP: 18/18 MP: 0/0
    14 | D        | Reached skill level 1 in Armour
    43 | D        | Found a bloodstained altar of Trog.
    43 | D        | Found a shimmering blue altar of Sif Muna.
    43 | D        | Found a viscous altar of Jiyva.
    43 | D        | Found a hazy altar of Hepliaklqana.
    43 | D        | Found an opulent altar of Gozag.
    44 | D        | Found a glowing golden altar of the Shining One.
    44 | D        | Found a glowing silver altar of Zin.
    44 | D        | Found a basalt altar of Yredelemnul.
    44 | D        | Found a shimmering altar of Xom.
    44 | D        | Found an ornate altar of the Wu Jian Council.
    44 | D        | Found a sacrificial altar of Ru.
    44 | D        | Found a stormy altar of Qazlal.
    44 | D        | Found an iron altar of Okawaru.
    44 | D        | Found a sparkling altar of Nemelex Xobeh.
    44 | D        | Found a burning altar of Makhleb.
    44 | D        | Found a blossoming altar of Fedhas.
    44 | D        | Found a white marble altar of Elyvilon.
    44 | D        | Found a shadowy altar of Dithmenos.
    44 | D        | Found a snail-covered altar of Cheibriados.
    46 | D        | Found a radiant altar of Vehumet.
    46 | D        | Found a corrupted altar of Lugonu.
    47 | D        | Found a hide-covered altar of Uskayaw.
    47 | D        | Found an ancient bone altar of Kikubaaqudgha.
    47 | D        | Found a broken altar of Ashenzari.
    60 | D        | Became a worshipper of Warmaster Okawaru
    82 | D        | Reached XP level 2. HP: 11/26 MP: 1/1
   479 | D        | Noticed a fire bat
   482 | D        | Killed a fire bat
   482 | D        | Reached * piety under Okawaru
   483 | D        | Reached XP level 3. HP: 21/31 MP: 2/2
   483 | D        | Reached XP level 4. HP: 26/38 MP: 3/3
   483 | D        | Reached XP level 5. HP: 30/45 MP: 4/4
   559 | D        | Noticed an orc warrior
   575 | D        | Killed an orc warrior
   576 | D        | Reached skill level 5 in Dodging
   576 | D        | Reached XP level 6. HP: 21/53 MP: 4/6
   590 | D        | Reached ** piety under Okawaru
   591 | D        | Reached skill level 5 in Fighting
   783 | D        | Noticed an orange demon
   791 | D        | Killed an orange demon
   791 | D        | Reached *** piety under Okawaru
   792 | D        | Reached skill level 5 in Throwing
   792 | D        | Reached skill level 5 in Armour
   792 | D        | Reached XP level 7. HP: 42/64 MP: 7/9
  1089 | D        | Reached skill level 5 in Invocations
  1188 | D        | Noticed a merfolk avatar
  1205 | D        | Killed a merfolk avatar
  1205 | D        | Reached **** piety under Okawaru
  1205 | D        | Received a gift from Okawaru
  1206 | D        | Reached XP level 8. HP: 75/75 MP: 9/11
  1377 | D        | Reached skill level 15 in Polearms
  1380 | D        | Reached ***** piety under Okawaru
  1381 | D        | Reached XP level 9. HP: 83/83 MP: 11/13
  1385 | D        | Received a gift from Okawaru
  1424 | D        | Noticed a tyrant leech
  1446 | D        | Killed a tyrant leech
  1447 | D        | Reached skill level 10 in Fighting
  1633 | D        | Noticed a wandering mushroom
  1633 | D        | Noticed an eight-headed hydra
  1768 | D        | Killed an eight-headed hydra
  1769 | D        | Reached skill level 10 in Armour
  1769 | D        | Reached skill level 10 in Dodging
  1863 | D        | Killed a wandering mushroom
  2147 | D        | Noticed a komodo dragon
  2154 | D        | Killed a komodo dragon
  2170 | D        | Noticed a vampire mage
  2189 | D        | Killed a vampire mage
  2190 | D        | Reached skill level 5 in Maces & Flails
  2190 | D        | Reached XP level 10. HP: 43/96 MP: 7/15
  2210 | D        | Noticed a vampire mage
  2211 | D        | Noticed a flayed ghost
  2220 | D        | Killed a vampire mage
  2225 | D        | Killed a flayed ghost
  2533 | D        | Noticed a sea snake
  2533 | D        | Noticed an elephant
  2545 | D        | Killed a sea snake
  2545 | D        | Received a gift from Okawaru
  2552 | D        | Killed an elephant
  2588 | D        | Noticed a lindwurm
  2596 | D        | Killed a lindwurm
  2663 | D        | Reached XP level 11. HP: 85/107 MP: 17/17
  2685 | D        | Received a gift from Okawaru
  2780 | D        | Noticed a lindwurm
  2781 | D        | Noticed a two-headed ogre
  2786 | D        | Killed a lindwurm
  2791 | D        | Killed a two-headed ogre
  2885 | D        | Received a gift from Okawaru
  3208 | D        | Noticed a sun demon
  3211 | D        | Reached ****** piety under Okawaru
  3222 | D        | Killed a shadow wraith
  3223 | D        | Killed a sun demon
  3223 | D        | Received a gift from Okawaru
  3224 | D        | Reached skill level 15 in Fighting
  3227 | D        | Killed a shadow wraith
  3228 | D        | Reached skill level 15 in Armour
  3511 | D        | Noticed an alligator
  3511 | D        | Noticed an eight-headed hydra
  3511 | D        | Noticed a hell hog
  3511 | D        | Noticed a hell hog
  3511 | D        | Noticed a hell hog
  3511 | D        | Noticed a fire crab
  3512 | D        | Noticed a bone dragon
  3515 | D        | Noticed a red draconian
  3515 | D        | Noticed a hell hog
  3708 | D        | Killed an eight-headed hydra
  3810 | D        | Identified the +7 rapier of Zeofuac {vorpal, rF+ Dex+3}
  3828 | D        | Killed a red draconian
  3852 | D        | Killed a hell hog
  3853 | D        | Reached XP level 12. HP: 33/122 MP: 18/18
  4161 | D        | Reached skill level 15 in Dodging
  4179 | D        | Killed a hell hog
  4188 | D        | Killed a hell hog
  4217 | D        | Paralysed by an air elemental for 1 turns
  4220 | D        | Paralysed by an air elemental for 1 turns
  4740 | D        | Killed a hell hog
  4741 | D        | Reached skill level 1 in Bows
  4881 | D        | Noticed a merfolk avatar
  4897 | D        | Killed a merfolk avatar
  4931 | D        | Killed a bone dragon
  4935 | D        | Killed an alligator
  5294 | D        | Killed a ghost moth
  5294 | D        | Received a gift from Okawaru
  5295 | D        | Reached skill level 5 in Bows
  5493 | D        | Noticed an alligator
  5493 | D        | Noticed an alligator
  5493 | D        | Noticed an eidolon
  5493 | D        | Noticed a vampire mage
  5508 | D        | Killed an alligator
  5513 | D        | Killed an alligator
  5513 | D        | Identified the +4 longbow of Tomorrow {venom, Int+2}
                  | (Okawaru gifted it to you in the Dungeon)
  5513 | D        | Received a gift from Okawaru
  5535 | D        | Killed a vampire mage
  5555 | D        | Killed an eidolon
  5556 | D        | Reached XP level 13. HP: 51/134 MP: 12/19
  5851 | D        | Noticed an orc warlord
  5851 | D        | Noticed an orc warlord
  5934 | D        | Killed an orc warlord
  5944 | D        | Killed an orc warlord
  5956 | D        | Received a gift from Okawaru
  6371 | D        | Received a gift from Okawaru
  6378 | D        | Received a gift from Okawaru
  6386 | D        | Reached skill level 10 in Bows
  6998 | D        | Noticed an angel
  7015 | D        | Killed an angel
  7217 | D        | Got the +7 great sword "Kelubroki" {venom, Dex+2}
  7255 | D        | Noticed a balrug
  7272 | D        | Killed a balrug
  7289 | D        | Received a gift from Okawaru
  7300 | D        | Noticed a vampire knight
  7306 | D        | Killed a vampire knight
  7619 | D        | Paralysed by an air elemental for 1 turns
  7621 | D        | Paralysed by an air elemental for 1 turns
  7629 | D        | Noticed a vampire knight
  7638 | D        | Killed a vampire knight
  7653 | D        | Noticed a spriggan defender
  7671 | D        | Killed a spriggan defender
  8177 | D        | Noticed an apis
  8190 | D        | Killed an apis
  8191 | D        | Reached XP level 14. HP: 129/151 MP: 20/20
  8261 | D        | Noticed a sphinx
  8311 | D        | Killed a sphinx
  8311 | D        | Identified the +0 pair of boots of Resourcefulness {rPois
                  | rC+ Int-4 Dex+2 SInv} (Okawaru gifted it to you in the
                  | Dungeon)
  8311 | D        | Received a gift from Okawaru
  8740 | D        | Noticed a shadow dragon
  9038 | D        | Noticed a sphinx
  9041 | D        | Killed a sphinx
  9208 | D        | Killed a shadow dragon
  9317 | D        | Identified the +2 leather armour "Weong" {rN+ Int+3}
  9331 | D        | Noticed a tentacled monstrosity
  9331 | D        | Noticed a deep elf sorcerer
  9366 | D        | Killed a deep elf sorcerer
  9369 | D        | HP: 6/155 [constriction (8)]
  9374 | D        | Slain by a tentacled monstrosity

Illustrated notes

Levels and vault maps discovered:
D:        pitsprint [storerooms_1, entrance_room_1, metal_vault_3, armoury_2,
          mini_pit_1, grid_room_1, main_hall_1, silver_pit, the_coven_1,
          the_vestibule_1, steel_vault_1, golden_pit, hallway_of_sentries,
          crystal_vault_3, iron_vault_1, final_vault]

Skill      XL: |  1  2  3  4  5  6  7  8  9 10 11 12 13 14 |
---------------+-------------------------------------------+-----
Armour         | 2 3 5 7 8 11 13 15 18 20 22 | 22.2
Fighting       | 3 4 6 8 9 11 13 15 18 21 22 | 22.3
Polearms       | 4 12 13 14 15 16 18 20 | 20.1
Dodging        | 5 6 8 10 12 14 17 19 20 | 20.8
Throwing       | 3 5 6 8 |  8.8
Invocations    | 2 4 6 7 9 |  9.9
Maces & Flails | 5 8 |  8.0
Bows           | 7 12 14 | 14.7

Action                   |  1- 3 |  4- 6 |  7- 9 | 10-12 | 13-15 || total
-------------------------+-------+-------+-------+-------+-------++-------
Melee: Trident           |    20 |    35 |    30 |       |       ||    85
       Headbutt          |     3 |     5 |    20 |    80 |    74 ||   182
       Halberd           |       |       |    79 |    37 |       ||   116
       Morningstar       |       |       |     4 |     8 |       ||    12
       Glaive            |       |       |       |   270 |   287 ||   557
       Punch             |       |       |       |     1 |       ||     1
       Quarterstaff      |       |       |       |       |     1 ||     1
 Fire: Longbow           |       |       |       |       |    86 ||    86
Throw: Dart              |       |       |       |     3 |       ||     3
       Javelin           |       |       |       |     2 |       ||     2
Invok: Heroism           |       |       |     1 |     3 |     3 ||     7
       Finesse           |       |       |     1 |     1 |     3 ||     5
  Use: Potion            |       |     1 |     1 |     5 |    14 ||    21
       Scroll            |       |       |       |     1 |     1 ||     2
 Stab: Sleeping          |     1 |       |       |       |       ||     1
       Invisible         |       |       |       |       |    12 ||    12
Armor: Leather armour    |     5 |       |       |       |       ||     5
       Plate armour      |       |     5 |    39 |   150 |    25 ||   219
       Gold dragon scale |       |       |       |       |   124 ||   124
Dodge: Dodged            |     7 |     2 |    41 |   196 |   274 ||   520

Table legend: (Time is in decaauts)
 A = Elapsed time spent in this place.
 B = Non-inter-level travel time spent in this place.
 C = Inter-level travel time spent in this place.
 D = Time resting spent in this place.
 E = Time spent auto-exploring this place.
 F = Levels seen in this place.
 G = Mean time per level.
                   A        B        C        D        E       F      G
               +--------+--------+--------+--------+--------+-----+--------+
         Total |   9156 |   9065 |     91 |   5714 |      0 |   1 | 9156.0 |
       Dungeon |   9156 |   9065 |     91 |   5714 |      0 |   1 | 9156.0 |
               +--------+--------+--------+--------+--------+-----+--------+

Top non-repeatable levels by time:
       D: 9156 daAuts
